 Dungeon Crawl Stone Soup version 0.28.0-53-g5a82cb258f (webtiles) character file.

Game seed: 12808047091423778798

2422 unlimited1921 the Thaumaturge (level 9, -10/55 HPs)
             Began as a Djinni Fire Elementalist on June 20, 2022.
             Was an Initiate of Gozag.
             Mangled by a wight
             ... wielding a +0 great sword
              (17 damage)
             ... on level 6 of the Dungeon.
             The game lasted 00:32:15 (11698 turns).

unlimited1921 the Thaumaturge (DjFE)               Turns: 11698, Time: 00:32:17

Health: -10/55     AC:  4    Str:  7    XL:     9   Next: 76%
Gold:   152        EV: 13    Int: 22    God:    Gozag SH:  0 Dex: 13

rFire   + + +      SeeInvis .   u - +1 flail (venom)
rCold   x . .      Faith    .   (no shield)
rNeg    . . .      Spirit   .   q - +2 robe {rC+ rF+}
rPois   ∞          Reflect  .   (no helmet)
rElec   .          Harm     .   (no cloak)
rCorr   +          Rampage  .   (no gloves)
Will    .....                   (boots unavailable)
Stlth   ++........              (no amulet)
HPRegen 0.18/turn               p - ring of resist corrosion
MPRegen 0.00/turn               l - ring of fire

@: flying
A: sickness immunity, fire resistance 2, cold vulnerability 1, float, innate
caster, HP casting, extra vitality 1
a: Renounce Religion, Potion Petition, Call Merchant, Bribe Branch


You were on level 6 of the Dungeon.
You worshipped Gozag.
Gozag was aware of your devotion.
You visited 2 branches of the dungeon, and saw 8 of its levels.

You collected 318 gold pieces.
You spent 91 gold pieces at shops.
You paid 75 gold pieces to Gozag.

Inventory:

Hand Weapons
 f - a +0 dagger
 n - a +1 whip of freezing
 o - a +0 short sword
 u - a +1 flail of venom (weapon)
 x - a +2 morningstar
 C - a +4 battleaxe
Missiles
 b - 103 stones
 c - 8 javelins
 h - 55 bolts
 w - 2 poisoned darts (quivered)
 B - a boomerang
Armour
 e - a +0 buckler
 q - a +2 robe of resistance (worn)
Jewellery
 l - a ring of fire (right hand)
 p - a ring of resist corrosion (left hand)
Scrolls
 a - a scroll of blinking {unknown}
 g - 3 scrolls of immolation {unknown}
 j - 2 scrolls of teleportation
 A - a scroll of magic mapping
Potions
 d - a potion of heal wounds
 i - 2 potions of brilliance {unknown}
 k - a potion of cancellation {unknown}
 m - a potion of haste
 s - a potion of mutation {unknown}
 t - a potion of curing
 v - a potion of attraction {unknown}
 z - a potion of flight {unknown}


   Skills:
 + Level 0.2 Fighting
 + Level 3.2 Dodging
 + Level 3.9 Stealth
 + Level 9.3 Spellcasting


You had 4 spell levels left.
You knew the following spells:

 Your Spells              Type           Power      Damage    Failure   Level
a - Foxfire               Conj/Fire      100%       2x1d9     1%          1
b - Scorch                Fire           100%       2d10      1%          2
c - Conjure Flame         Conj/Fire      67%        6-21      1%          3
d - Inner Flame           Hex/Fire       67%        N/A       1%          3
e - Flame Wave            Conj/Fire      67%        2d12      1%          4
f - Animate Skeleton      Necr           100%       N/A       1%          1
g - Corpse Rot            Necr/Air       100%       N/A       1%          2
h - Ozocubu's Armour      Ice            51%        N/A       1%          3
i - Summon Guardian Gole  Hex/Summ       51%        N/A       1%          3
Your spell library was empty.

Dungeon Overview and Level Annotations

Branches:
Dungeon (7/15)             Temple (1/1) D:6

Altars:
Ashenzari
Cheibriados
Dithmenos
Elyvilon
Fedhas
Gozag
Hepliaklqana
Kikubaaqudgha
Makhleb
Nemelex Xobeh
Qazlal
Ru
Sif Muna
Trog
Uskayaw
Vehumet
Xom
Yredelemnul
Zin
The Shining One

Shops:
D:4 ?   D:5 [[


Innate Abilities, Weirdness & Mutations

You are immune to sickness and miasma.
You are immune to poison.
Your flesh is very heat resistant. (rF++)
You are vulnerable to cold. (rC-)
You float through the air rather than walking.
You learn spells naturally, not from books.
Your magical power is your life essence.
You have superior vitality. (+4 MHP)


Message History

Casting: Scorch (safe; 1% risk of failure)
Confirm with . or Enter, or press ? or * to list all spells.
You feel a surge of power!
Flames lash the jelly.
The jelly quivers.
The jelly is almost dead.
The jelly's fire resistance burns away.
Casting: Scorch (safe; 1% risk of failure)
Confirm with . or Enter, or press ? or * to list all spells.
You feel a surge of power!
Flames lash the jelly.
The jelly is burned terribly!
You kill the jelly!
You now have 152 gold pieces (gained 5).
You start resting.
HP restored.
There is a stone staircase leading down here.
Things that are here:
a +0 long sword; a +0 robe
There is a stone staircase leading down here.
You fly downwards.
The wight hits you with a +5 scimitar! The howler monkey misses you.
The wight hits you with a +5 scimitar! The wight hits you with a +0 flail!
* * * LOW HITPOINT WARNING * * *
There is a stone staircase leading up here.
As you read the scroll of fear, it crumbles to dust.
You assume a fearsome visage.
The howler monkey looks frightened!
The wight is unaffected. x3; The wight barely misses you.
The wight closely misses you. The wight barely misses you.
The wight completely misses you. The wight hits you with a +0 flail.
* * * LOW HITPOINT WARNING * * *
You fly upwards.
There is a stone staircase leading down here.
Casting: Scorch (safe; 1% risk of failure)
Confirm with . or Enter, or press ? or * to list all spells.
You feel a surge of power!
Flames lash the wight.
The wight is severely damaged.
The wight's fire resistance burns away.
* * * LOW HITPOINT WARNING * * *
The wight hits you with a +0 great sword!
You die...
Your body crumbles into a pile of gold.

.........|##.# #.# #.#
#####.###....# #.# #.#
...##.# #.#### #.# #.#
##.##.# #.# #.# #.#
##.##.# #.# #.# #.#
##.##.# #.# #.###.#
##.##.###.# #...#.#
##........############.#.#
..............zz@z.......#
##.###################.###
#.# #.# #.##### #.#
#.....# #.# ##.###.# #.#
.....#.# #.#
###....###############.#
#.(..................#


You could see 3 wights.

Vanquished Creatures
  Pikel (D:4)
  Prince Ribbit (D:5)
  Sigmund (D:6)
  Edmund (D:4)
  A black bear (D:4)
  A centaur (D:6)
  A lemure (D:4)
  Blork the orc (D:5)
  A bullfrog (D:6)
  A scorpion (D:5)
  A water moccasin zombie (D:5)
  A howler monkey (D:5)
  5 wights
  A centaur zombie (D:6)
  The ghost of gobodom the Conjurer, a weakling VSCj (D:3)
  4 orc priests
  2 jellies (D:6)
  5 iguanas
  9 orc wizards
  Natasha (twice) (D:4)
  A hound zombie (D:5)
  A hound skeleton (D:4)
  A howler monkey zombie (D:6)
  4 gnolls (D:4)
  6 adders
  2 adder skeletons (D:4)
  A worm (D:2)
  A dart slug (D:2)
  12 orcs
  5 ball pythons
  2 bats (D:1)
  5 endoplasms
  4 giant cockroaches
  6 goblins
  5 hobgoblins
  4 jackals (D:2)
  5 quokkas
  4 frilled lizards
  7 kobolds
  10 rats
127 creatures vanquished.

Vanquished Creatures (others)
  362 foxfires
362 creatures vanquished.

Grand Total: 489 creatures vanquished

Notes
Turn   | Place    | Note
-------+----------+-------------------------------------------
     0 | D:1      | unlimited1921 the Djinni Fire Elementalist began the quest
                  | for the Orb.
     0 | D:1      | Reached XP level 1. HP: 15/15 MP: 0/0
   792 | D:1      | Reached XP level 2. HP: 17/21 MP: 0/0
  1465 | D:1      | Found a faded altar of an unknown god.
  2691 | D:2      | Reached skill level 3 in Spellcasting
  2980 | D:2      | Reached XP level 3. HP: 22/25 MP: 0/0
  2980 | D:2      | Learned a level 1 spell: Animate Skeleton
  4143 | D:2      | Reached XP level 4. HP: 26/31 MP: 0/0
  5136 | D:3      | Found a runed translucent door.
  5142 | D:3      | Noticed gobodom's ghost (weakling VSCj)
  5438 | D:3      | Reached XP level 5. HP: 25/35 MP: 0/0
  5438 | D:3      | Learned a level 2 spell: Corpse Rot
  5441 | D:3      | Reached skill level 4 in Spellcasting
  5899 | D:3      | Killed gobodom's ghost
  5900 | D:3      | Reached XP level 6. HP: 31/40 MP: 0/0
  6118 | D:4      | Noticed Edmund
  6122 | D:4      | Killed Edmund
  6126 | D:4      | Reached skill level 5 in Spellcasting
  6129 | D:4      | Reached XP level 7. HP: 19/45 MP: 0/0
  6129 | D:4      | Learned a level 3 spell: Ozocubu's Armour
  6829 | D:4      | Noticed Natasha
  6834 | D:4      | Killed Natasha
  6835 | D:4      | Reached skill level 6 in Spellcasting
  6976 | D:4      | Found Ivuw's Magic Scroll Boutique.
  6982 | D:4      | Bought a scroll of identify for 26 gold pieces
  6982 | D:4      | Bought a scroll of identify for 26 gold pieces
  6982 | D:4      | Bought a scroll of teleportation for 39 gold pieces
  7201 | D:4      | Noticed Natasha
  7210 | D:4      | Killed Natasha
  7211 | D:4      | Reached XP level 8. HP: 24/50 MP: 0/0
  7777 | D:4      | Noticed Pikel
  7787 | D:4      | Killed Pikel
  7788 | D:4      | Reached skill level 7 in Spellcasting
  8370 | D:5      | Entered Level 5 of the Dungeon
  8786 | D:5      | Reached XP level 9. HP: 39/55 MP: 0/0
  8786 | D:5      | Learned a level 3 spell: Summon Guardian Golem
  8791 | D:5      | Noticed Prince Ribbit
  8802 | D:5      | Killed Prince Ribbit
  8803 | D:5      | Reached skill level 8 in Spellcasting
  8809 | D:5      | Noticed Blork the orc
  9032 | D:5      | Killed Blork the orc
  9131 | D:5      | Found Yfedgh's Armour Emporium.
  9206 | D:5      | Found Syerch's Armour Boutique.
  9824 | D:6      | Found a staircase to the Ecumenical Temple.
 10114 | Temple   | Entered the Ecumenical Temple
 10432 | Temple   | Became a worshipper of Gozag Ym Sagoz the Greedy
 10925 | D:6      | Reached skill level 9 in Spellcasting
 11166 | D:6      | Noticed Sigmund
 11174 | D:6      | Killed Sigmund
 11698 | D:6      | Mangled by a wight

Illustrated notes

Levels and vault maps discovered:
D:1:      amcnicky_arrival_single_pillar, layout_loops_ring,
          ebering_ecumenical_altar_sacrificial
D:2:      layout_basic, minmay_misc_feat_tiny
D:3:      layout_rooms, ebering_ghost_reflecting_pool
D:4:      layout_basic, serial_shops, nicolae_shop_hallway_plus, uniq_pikel,
          uniq_edmund, uniq_natasha
D:5:      layout_loops_ring, serial_shops, nicolae_shop_behind_doors,
          nicolae_shop_stone, uniq_blork_the_orc, uniq_prince_ribbit1
D:6:      layout_loops_ring, minmay_temple_entry_proselytizer,
          ebering_dispersal_statue_hall, uniq_sigmund
D:7:      layout_rooms, gammafunk_ghost_cemetery
Temple:   mainiacjoe_temple_big_plus

Skill      XL: |  1  2  3  4  5  6  7  8  9 |
---------------+----------------------------+-----
Spellcasting   | 3 4 5 6 7 9 |  9.3
Stealth        | 2 3 |  3.9
Dodging        | 3 |  3.2
Fighting       | |  0.2

Action                   |  1- 3 |  4- 6 |  7- 9 || total
-------------------------+-------+-------+-------++-------
 Cast: Foxfire           |    70 |    63 |    88 ||   221
       Scorch            |       |    10 |    36 ||    46
       Inner Flame       |       |     1 |    43 ||    44
       Flame Wave        |       |       |     1 ||     1
       Summon Guardian G |       |       |     1 ||     1
  Use: Scroll            |       |       |     8 ||     8
       Potion            |       |       |     1 ||     1
Armor: Robe              |     2 |     1 |     1 ||     4
Dodge: Dodged            |     8 |     5 |    14 ||    27
